 Dungeon Crawl Stone Soup version 0.31-a0-620-gd1cbd99268 (webtiles) character file.

Game seed: 2659019230329296800

372 ytrimaz the Changeling (level 6, -6/23 HPs)
             Began as an Octopode Shapeshifter on Aug 23, 2023.
             Was an Initiate of Ashenzari.
             Mangled by a sleepcap (22 damage)
             ... on level 5 of the Dungeon.
             The game lasted 00:03:43 (3305 turns).

ytrimaz the Changeling (Octopode Shapeshifter)      Turns: 3305, Time: 00:03:44

Health: -6/23      AC:  1    Str: 14    XL:     6   Next: 71%
Magic:  6/6        EV:  2    Int: 11    God:    Ashenzari [......]
Gold:   1563       SH:  0    Dex: 14    Spells: 5/5 levels left

rFire   . .          .
                       - Unarmed
rCold   . . .        (no shield)
rNeg    . . .        (helmet restricted)
rPois   .            (no amulet)
rElec   .            (no ring)
rCorr   .            (no ring)
SInv    .            (no ring)
Will    .....        (no ring)
Stlth   ++           (no ring)
HPRegen 0.23/turn    (no ring)
MPRegen 0.10/turn    (no ring)
                     (no ring)

%: no passive effects
@: maw-form, sleeping
A: devouring maw, reduced hp, almost no armour, amphibious, 8 rings, camouflage
1, gelatinous body 1, (nimble swimmer 1), tentacles
a: Begin Untransformation, Renounce Religion, Curse Item


You were on level 5 of the Dungeon.
You worshipped Ashenzari.
Ashenzari was noncommittal.
You were a creature with a mouth for a stomach.
You visited 2 branches of the dungeon, and saw 6 of its levels.

You collected 1563 gold pieces.


Innate Abilities, Weirdness & Mutations

You are a creature with a mouth for a stomach.
Your midsection houses a second, enormous mouth.
Your maximum health is decreased, since you lack skill for your form.
You cannot wear most types of armour.
You are amphibious.
You can wear up to eight rings at the same time.
Your skin changes colour to match your surroundings (Stealth+).
Your rubbery body absorbs attacks. (AC +1, EV +1)
((You are camouflaged when in or above water. (Stealth+)))
You have tentacles for arms and can constrict up to eight enemies at once.


   Skills:
 + Level 4.2 Fighting
 - Level 2.0 Dodging
 - Level 3.0 Unarmed Combat
 + Level 5.5 Shapeshifting


You had 5 spell levels left.
You didn't know any spells.
Your spell library contained the following spells:

 Spells                   Type           Power      Damage    Failure   Level
 Foxfire                  Conj/Fire      0%         2x1d4     34%         1
 Slow                     Hex            0%         N/A       34%         1
 Blink                    Tloc           0%         N/A       47%         2
 Lesser Beckoning         Tloc           0%         N/A       47%         2
 Momentum Strike          Conj/Tloc      0%         3d8       47%         2
 Confusing Touch          Hex            0%         N/A       71%         3
 Ignite Poison            Fire/Tmut/Pois 0%         N/A       71%         3
 Vampiric Draining        Necr           0%         2d6       71%         3
 Plasma Beam              Fire/Air       0%         2x1d10    100%        6
 Fire Storm               Conj/Fire      0%         5d1       100%        9

Inventory:

Jewellery
 m - a ring of ice
   (You found it on level 3 of the Dungeon)
Talismans
 b - a beast talisman
 c - a flux talisman
 h - a maw talisman (active)
   (You found it on level 2 of the Dungeon)
Wands
 e - a wand of polymorph (10)
   (You found it on level 5 of the Dungeon)
 l - a wand of iceblast (7)
   (You found it on level 3 of the Dungeon)
Scrolls
 f - a scroll of poison {unknown}
 j - a scroll of identify {unknown}
 q - a scroll of revelation {unknown}
 r - a scroll of noise {unknown}
Potions
 a - 3 potions of lignification
 d - 4 potions of haste {unknown}
 g - a potion of resistance {unknown}
 i - 3 potions of curing {unknown}
 k - a potion of mutation {unknown}
 n - 2 potions of might {unknown}
 o - a potion of attraction {unknown}
 p - a potion of heal wounds {unknown}

Dungeon Overview and Level Annotations

Branches:
Dungeon (5/15) Zot: 26743  Temple (1/1) D:4 Zot: 5961

Altars:
Ashenzari
Cheibriados
Dithmenos
Elyvilon
Fedhas
Gozag
Kikubaaqudgha
Makhleb
Nemelex Xobeh
Okawaru
Qazlal
Ru
Sif Muna
Trog
Uskayaw
Wu Jian
Xom
Yredelemnul
Zin
The Shining One

### #.##
##..### #....
.....##.....
...$.#.....
##.>........
#......$....
##..f.....#
#...W..## #
#...>...# ..
#.......#....
##.#........<..
#.....#.....).#
###...#.......#
#.............
#...........#
..
#........#..#..


You could see a sleepcap.


Message History

MASSIVE DAMAGE!! (PAUSE)
You tentacle-slap the iguana.
You tentacle-slap the iguana, but do no damage.
You constrict the iguana. The iguana closely misses you.
You are too injured to fight recklessly!
You tentacle-slap the iguana. You bite the iguana!
You devour the iguana!
You feel better.
You kill the iguana! 😕 HP[+7]
You now have 23 max hp (+1).
You regained 7 hp, and now have 21/23 hp.
No target in view!
Unknown command.
No target in view!
A phantom comes into view. 😎 HP[+2]
Your hp is fully restored (23).
A phantom is nearby!
A phantom is nearby!
A phantom is nearby!
An orc comes into view. It is wielding a +0 club.
You closely miss the phantom. The phantom hits you.
The phantom blinks!
You blink. 😮 HP[-6]
You take 6 damage, and now have 17/23 hp.
MASSIVE DAMAGE!! (PAUSE)
You closely miss the phantom. Your squeeze misses the phantom.
You bite the phantom. The phantom misses you.
Unknown command.
You tentacle-slap the phantom. Your squeeze misses the phantom.
Your bite misses the phantom. The phantom closely misses you.
You tentacle-slap the phantom. Your bite misses the phantom.
The phantom hits you.
The phantom blinks!
You blink. 😮 HP[-1]
You take 1 damage, and now have 16/23 hp.
You tentacle-slap the phantom. The phantom hits you.
* * * LOW HITPOINT WARNING * * *
😨 HP[-6]
You take 6 damage, and now have 10/23 hp.
MASSIVE DAMAGE!! (PAUSE)
You barely miss the phantom. Your squeeze misses the phantom.
The phantom closely misses you. 😨 HP[+1]
You tentacle-slap the phantom. Your bite misses the phantom.
The phantom misses you.
Unknown command.
You tentacle-slap the phantom. Your bite misses the phantom.
The phantom completely misses you.
You closely miss the phantom. Your bite misses the phantom.
The phantom closely misses you.
Unknown command.
You tentacle-slap the phantom. Your squeeze misses the phantom.
You bite the phantom.
You destroy the phantom!
Your Fighting skill increases to level 4! 😮 HP[+1]
You now have 1563 gold pieces (gained 13).
An orc is nearby!
Unknown command. 😎 HP[+11]
Your hp is fully restored (23).
An orc is nearby!
The orc closely misses you.
You tentacle-slap the orc. You grab the orc. You constrict the orc.
You bludgeon the orc!
You kill the orc!
No target in view!
Unknown command.
Things that are here:
a +0 club; a +0 dagger No target in view!
No target in view!
You enter the shallow water.
Found a stone staircase leading up.
n - 2 viscous orange potions (gained 1)
Found a stone staircase leading down.
A sleepcap comes into view.
Found 9 gold pieces.
Found a stone staircase leading down.
A sleepcap is nearby!
A sleepcap is nearby!
There is a stone staircase leading down here.
The sleepcap closely misses you.
You tentacle-slap the sleepcap. You grab the sleepcap.
You constrict the sleepcap, but do no damage.
The sleepcap completely misses you.
You tentacle-slap the sleepcap but do no damage.
You squeeze the sleepcap, but do no damage.
You bite the sleepcap.
You constrict the sleepcap, but do no damage.
The sleepcap releases spores at you but does no damage.
You tentacle-slap the sleepcap.
You constrict the sleepcap, but do no damage.
The sleepcap releases spores at you!
You are engulfed in a cloud of soporific spores!
You fall asleep.
You lose your grip on the sleepcap.
The sleepcap releases spores at you!!
Ouch! That really hurt!
You die...

Skill      XL: |  1  2  3  4  5  6 |
---------------+-------------------+-----
Shapeshifting  | 4 5 |  5.5
Fighting       | 2 3 4 |  4.2
Dodging        | |  2.0
Unarmed Combat | |  3.0

Action                     |  1- 3 |  4- 6 || total
---------------------------+-------+-------++-------
  Melee: Unarmed           |    61 |   115 ||   176
         Constrict         |    20 |    33 ||    53
         Tentacles         |     8 |    22 ||    30
         Maw               |     9 |    43 ||    52
         Punch             |     1 |     2 ||     3
    Use: Scroll            |       |     1 ||     1
   Stab: Sleeping          |     7 |     7 ||    14
 Armour: Skin              |    10 |     6 ||    16
  Dodge: Dodged            |    44 |    59 ||   103
   Form: Maw               |     1 |       ||     1

Levels and vault maps discovered:
D:1:      dpeg_arrival_lava_temple_mockup, layout_basic
D:2:      layout_basic
D:3:      layout_loops_ring
D:4:      layout_basic, minmay_temple_entry_junction, eino_tiny_chamber,
          minmay_rat_hole
D:5:      layout_cave_pools, kennysheep_mini, serial_shops, shop,
          grunt_decor_cap, serial_park_tiny_pond, chequers_big_river
Temple:   nicolae_temple_slightly_damp_pantheon

Notes
Turn   | Place    | Note
-------+----------+-------------------------------------------
     0 | D:1      | ytrimaz the Octopode Shapeshifter began the quest for the
                  | Orb.
     0 | D:1      | Reached XP level 1. HP: 13/13 MP: 1/1
     0 | D:1      | magus.rc [v1.9.6]
   189 | D:1      | You add the spells Foxfire, Ignite Poison, Plasma Beam and
                  | Fire Storm to your library.
   189 | D:1      | Got the Quarto of Charred Shaping
   364 | D:1      | Reached XP level 2. HP: 18/18 MP: 2/2
  1040 | D:2      | Reached XP level 3. HP: 9/23 MP: 3/3
  1153 | D:2      | Reached skill level 4 in Shapeshifting
  1545 | D:3      | Reached skill level 2 in Fighting
  1545 | D:3      | Reached XP level 4. HP: 12/29 MP: 4/4
  1610 | D:3      | You pick up a book of Spatial Translocations and begin
                  | reading...
  1610 | D:3      | You add the spells Blink, Momentum Strike and Lesser
                  | Beckoning to your library.
  1860 | D:3      | HP: 3/13 [poisoned by an adder]
  2249 | D:4      | Reached XP level 5. HP: 16/36 MP: 5/5
  2254 | D:4      | Reached skill level 3 in Fighting
  2254 | D:4      | HP: 4/17 [goblin/+0 club (2)]
  2329 | D:4      | You pick up a book of Debilitation and begin reading...
  2329 | D:4      | You add the spells Slow, Vampiric Draining and Confusing
                  | Touch to your library.
  2438 | D:4      | Found a staircase to the Ecumenical Temple.
  2445 | Temple   | Entered the Ecumenical Temple
  2464 | Temple   | Became a worshipper of Ashenzari the Shackled
  2503 | D:4      | Reached skill level 5 in Shapeshifting
  2960 | D:4      | Reached XP level 6. HP: 18/42 MP: 6/6
  3084 | D:4      | Identified a scroll of acquirement
  3084 | D:4      | Acquired 1296 gold pieces
  3091 | D:5      | Entered Level 5 of the Dungeon
  3223 | D:5      | Reached skill level 4 in Fighting
  3305 | D:5      | Mangled by a sleepcap

Vanquished Creatures
  A phantom (D:5)
  6 iguanas
  5 adders
  2 worms (D:4)
  A dart slug (D:1)
  7 orcs
  7 endoplasms
  A giant cockroach (D:2)
  10 goblins
  4 hobgoblins
  5 jackals
  5 kobolds
  4 quokkas
  A ball python (D:3)
  6 bats
  6 frilled lizards
  23 rats
94 creatures vanquished.

Table legend:
 A = Non-vault XP
 B = Vault XP
 C = Vault XP percentage of total XP
 D = Non-vault monster count
 E = Vault monster count
 F = Vault count percentage of total count
                 A         B        C        D         E       F
            +---------+---------+-------+---------+---------+-------
      Total |     512 |      20 |   3.8 |      75 |      19 |  20.2
            +---------+---------+-------+---------+---------+-------
        D:1 |      25 |       0 |   0.0 |      16 |       0 |   0.0
        D:2 |      18 |       0 |   0.0 |      11 |       0 |   0.0
        D:3 |     118 |       0 |   0.0 |      19 |       0 |   0.0
        D:4 |     201 |      20 |   9.0 |      23 |      19 |  45.2
        D:5 |     150 |       0 |   0.0 |       6 |       0 |   0.0
            +---------+---------+-------+---------+---------+-------

Skill      XL: |  1  2  3  4  5  6 |
---------------+-------------------+-----
Shapeshifting  | 4 5 |  5.5
Fighting       | 2 3 4 |  4.2
Dodging        | |  2.0
Unarmed Combat | |  3.0

Action                     |  1- 3 |  4- 6 || total
---------------------------+-------+-------++-------
  Melee: Unarmed           |    61 |   115 ||   176
         Constrict         |    20 |    33 ||    53
         Tentacles         |     8 |    22 ||    30
         Maw               |     9 |    43 ||    52
         Punch             |     1 |     2 ||     3
    Use: Scroll            |       |     1 ||     1
   Stab: Sleeping          |     7 |     7 ||    14
 Armour: Skin              |    10 |     6 ||    16
  Dodge: Dodged            |    44 |    59 ||   103
   Form: Maw               |     1 |       ||     1

Illustrated notes

Table legend:
 A = Kills in this place as a percentage of kills in the entire game.
 B = Kills by you in this place as a percentage of kills by you in the entire game.
 C = Kills by friends in this place as a percentage of kills by friends in the entire game.
 D = Other kills in this place as a percentage of other kills in the entire game.
 E = Experience gained in this place as a percentage of experience gained in the entire game.
 F = Experience gained in this place divided by the number of levels of this place that you have seen.
                   A       B       C       D       E      F
               +-------+-------+-------+-------+-------+----------------------
         Total | 100.0 | 100.0 |   N/A |   N/A | 100.0 |  88.7
       Dungeon | 100.0 | 100.0 |   N/A |   N/A | 100.0 | 106.4
               +-------+-------+-------+-------+-------+----------------------

Table legend: (Time is in decaauts)
 A = Elapsed time spent in this place.
 B = Non-inter-level travel time spent in this place.
 C = Inter-level travel time spent in this place.
 D = Time resting spent in this place.
 E = Time spent auto-exploring this place.
 F = Levels seen in this place.
 G = Mean time per level.
                   A        B        C        D        E       F      G
               +--------+--------+--------+--------+--------+-----+--------+
         Total |   3294 |   3161 |    133 |      0 |   2520 |   6 |  549.0 |
       Dungeon |   3255 |   3158 |     97 |      0 |   2520 |   5 |  651.0 |
        Temple |     38 |      2 |     36 |      0 |      0 |   1 |   38.0 |
               +--------+--------+--------+--------+--------+-----+--------+

Top non-repeatable levels by time:
     D:1: 931 daAuts
     D:4: 806 daAuts
     D:3: 788 daAuts
     D:2: 517 daAuts
     D:5: 212 daAuts
  Temple: 38 daAuts
